 Dungeon Crawl Stone Soup version 0.18-a0-1776-gf4084f6 (webtiles) character file.

820 TheGoonsmith the Destroyer (level 7, 0/36 HPs)
             Began as a Tengu Conjurer on Apr 16, 2016.
             Slain by a giant frog skeleton (2 damage)
             ... on level 6 of the Dungeon.
             The game lasted 00:09:19 (4922 turns).

TheGoonsmith the Destroyer (Tengu Conjurer)         Turns: 4922, Time: 00:09:20

Health: 0/36       AC:  3    Str: 13    XL:     7   Next: 95%
Magic:  3/14       EV: 12    Int: 17    God:
Gold:   93         SH:  0    Dex: 15    Spells: 4 memorised, 2 levels left

rFire  + . .     SeeInvis .     r - staff of energy
rCold  + . .     Gourm    .     a - +0 robe
rNeg   . . .     Faith    .     (no shield)
rPois  +         Spirit   .     (helmet restricted)
rElec  +         Dismiss  .     m - +0 cloak
rCorr  +         Reflect  .     (no gloves)
SustAt .         Harm     .     (boots unavailable)
MR     .....                    (no amulet)
Stlth  ++........               (no ring)
                                (no ring)

@: mighty, lethally poisoned (0 -> -4), resistant, not resistant to hostile
enchantments, unstealthy
A: beak, talons 3, able to fly 1
a: Fly


You were on level 6 of the Dungeon.
You were not hungry.

You visited 2 branches of the dungeon, and saw 7 of its levels.

You collected 93 gold pieces.

Inventory:

Hand Weapons
 g - a +0 vampiric whip
Armour
 a - a +0 robe (worn)
 m - a +0 cloak (worn)
 n - a +0 cloak
Magical Staves
 r - an uncursed staff of energy (weapon)
Wands
 l - a wand of slowing (42/48)
Scrolls
 i - 2 scrolls of amnesia
 k - 4 scrolls of remove curse
 o - 3 scrolls of identify
Potions
 e - 3 potions of haste
 f - 2 potions of mutation
 h - a potion of brilliance
 j - a potion of cure mutation
Books
 b - a book of Conjurations

   Spells                             Type                      Level
   a - Magic Dart                     Conjuration                  1
   b - Searing Ray                    Conjuration                  2
   c - Dazzling Spray                 Conjuration/Hexes            3
   d - Fulminant Prism                Conjuration/Hexes            4
   e - Iskenderun's Mystic Blast      Conjuration                  4
   f - Iskenderun's Battlesphere      Conjuration/Charms           5
Comestibles
 c - 2 bread rations


   Skills:
 - Level 2.1 Dodging
 - Level 2.0 Stealth
 - Level 4.0 Spellcasting
 - Level 8.1 Conjurations
 + Level 4.9 Charms


You had 2 spell levels left.
You knew the following spells:

 Your Spells              Type           Power        Failure   Level  Hunger
a - Magic Dart            Conj           ####         1%          1    None
b - Searing Ray           Conj           ####..       1%          2    None
x - Iskenderun's Mystic   Conj           ####....     8%          4    None
z - Iskenderun's Battles  Conj/Chrm      ####....     30%         5    None


Dungeon Overview and Level Annotations

Branches:
Dungeon (6/15)             Temple (1/1) D:4

Altars:
Makhleb
Okawaru
Pakellas
Qazlal
Ru
Trog
Yredelemnul
Zin
The Shining One


Innate Abilities, Weirdness & Mutations

You have a beak for a mouth.
You have claws for feet.
You can fly.


Message History

The giant frog skeleton hits you.
* * * LOW HITPOINT WARNING * * *
The worker ant bites you.
* * * LOW HITPOINT WARNING * * *
Read which item? (? for menu, Esc to quit)
Okay, then.
Drink which item? (? for menu, Esc to quit)
Okay, then.
You hit the worker ant!
You kill the worker ant!
The giant frog skeleton hits you.
* * * LOW HITPOINT WARNING * * *
The giant frog skeleton hits you but does no damage.
* * * LOW HITPOINT WARNING * * *
You feel sick.
The giant frog skeleton closely misses you.
There is a stone staircase leading down here.
You hit the giant frog skeleton. You peck the giant frog skeleton!
The giant frog skeleton hits you.
You die...

..........#.##
##.#......#.#
#.....(....####
...............#
#............###
.......#...#...#
....(......###÷#####
......#....).#.#...#
....(...#.##.#.#@<.#
..$...##..#...†Z..#
..). ##.###.....#
... ###...# #...#
#...# #...# #####


You could see a giant frog skeleton.

Vanquished Creatures
  An orc warrior (D:6)
  An ogre (D:6)
  A giant frog (D:6)
  A water moccasin skeleton (D:5)
  A howler monkey (D:6)
  A hound (D:6)
  An orc priest (D:5)
  Crazy Yiuf (D:2)
  3 orc wizards (D:5)
  Jessica (D:2)
  Ijyb (D:3)
  An iguana (D:3)
  3 worker ants
  5 adders
  3 gnolls (D:3)
  4 worms
  A dart slug (D:1)
  3 giant geckos
  11 orcs
  2 ball pythons
  7 giant cockroaches
  7 goblins
  10 hobgoblins
  9 jackals (D:2)
  3 kobolds (D:2)
  3 quokkas
  A ball python skeleton (D:4)
  9 bats
  5 giant newts
  4 rats
104 creatures vanquished.

Notes
Turn   | Place    | Note
--------------------------------------------------------------
     0 | D:1      | TheGoonsmith the Tengu Conjurer began the quest for the Orb.
     0 | D:1      | Reached XP level 1. HP: 10/10 MP: 4/4
   592 | D:1      | Reached XP level 2. HP: 15/15 MP: 3/6
   630 | D:2      | Reached skill level 6 in Conjurations
   643 | D:2      | Learned a level 2 spell: Searing Ray
  1092 | D:2      | Reached XP level 3. HP: 19/19 MP: 2/7
  1342 | D:2      | Noticed Jessica
  1344 | D:2      | Killed Jessica
  1344 | D:2      | Reached skill level 7 in Conjurations
  1344 | D:2      | Reached XP level 4. HP: 24/24 MP: 5/8
  1810 | D:2      | Noticed Crazy Yiuf
  1816 | D:2      | Killed Crazy Yiuf
  1941 | D:2      | Gained mutation: You can fly. [Tengu growth]
  1941 | D:2      | Reached XP level 5. HP: 28/28 MP: 6/10
  2281 | D:3      | Noticed Ijyb
  2287 | D:3      | Killed Ijyb
  2311 | D:3      | Learned a level 4 spell: Iskenderun's Mystic Blast
  2317 | D:3      | Learned a level 5 spell: Iskenderun's Battlesphere
  2397 | D:3      | Reached XP level 6. HP: 32/32 MP: 3/13
  3037 | D:4      | Reached skill level 8 in Conjurations
  3249 | D:4      | Found a staircase to the Ecumenical Temple.
  3344 | Temple   | Entered the Ecumenical Temple
  3613 | D:4      | Found a sacrificial altar of Ru.
  3843 | D:5      | Entered Level 5 of the Dungeon
  3856 | D:5      | Reached skill level 1 in Charms
  4004 | D:5      | Found a stormy altar of Qazlal.
  4105 | D:5      | Reached XP level 7. HP: 12/36 MP: 3/14
  4306 | D:5      | Found a burning altar of Makhleb.
  4922 | D:6      | Slain by a giant frog skeleton

Vault maps used:
D:1:      lemuel_arrival_behind_the_door_small, minmay_crystal_room,
          kennysheep_doodads
D:2:      first_bread, uniq_crazy_yiuf_cottage, uniq_jessica
D:3:      serial_curves, eino_curves_04, eino_curves_04, eino_curves_02,
          serial_bayou_pond_c, uniq_iyjb
D:4:      hangedman_ru_absence, temple_doors_e
D:5:      overflow_temple_1_default, nicolae_qazlal_eye_of_the_storm,
          lemuel_flamethrower_2
D:6:      nicolae_overflow_crystal_walls, grunt_dithmenos_smoke_and_mirrors
Temple:   circular_temple_6

Skill      XL: |  1  2  3  4  5  6  7 |
---------------+----------------------+-----
Conjurations   | 6 7 8 |  8.1
Spellcasting   | 4 |  4.0
Charms         | 2 4 |  4.9
Dodging        | |  2.1
Stealth        | |  2.0

Action                   |  1- 3 |  4- 6 |  7- 9 || total
-------------------------+-------+-------+-------++-------
Melee: Whip              |    14 |     5 |       ||    19
       Kick              |     3 |     2 |     2 ||     7
       Peck              |     1 |     1 |     2 ||     4
       Staff             |       |     1 |     9 ||    10
 Cast: Magic Dart        |    56 |   124 |    39 ||   219
       Searing Ray       |     1 |     8 |     5 ||    14
  Use: Scroll            |       |    12 |       ||    12
       Potion            |       |     1 |     3 ||     4
  Eat: Bread ration      |     1 |       |     1 ||     2
       Beef jerky        |     1 |       |       ||     1
       Chunk             |     1 |     6 |       ||     7
       Meat ration       |       |     1 |       ||     1
Armor: Robe              |       |     6 |     7 ||    13
Dodge: Dodged            |    11 |     9 |    24 ||    44
